 Dungeon Sprint DCSS version 0.29-a0-96-g93358da72b (webtiles) character file.

Game seed: 14136097572864050227

103 cyrus the Skirmisher (level 4, -3/46 HPs)
             Began as a Naga Fighter on Feb 11, 2022.
             Slain by a water elemental (14 damage)
             ... in the Dungeon (Sprint III: "The Ten Rune Challenge").
             The game lasted 00:01:29 (959 turns).

cyrus the Skirmisher (Naga Fighter)                  Turns: 959, Time: 00:01:30

Health: -3/46      AC:  5    Str: 21    XL:     4   Next: 79%
Magic:  4/4        EV:  7    Int:  8    God:
Gold:   0          SH:  4    Dex: 10    Spells: 3/3 levels left

rFire   . . .      SeeInvis +   a - +0 long sword
rCold   . . .      Faith    .   c - +0 buckler
rNeg    . . .      Spirit   .   b - +0 scale mail
rPois   +          Reflect  .   (no helmet)
rElec   .          Harm     .   (no cloak)
rCorr   .          Rampage  .   (no gloves)
Will    .....      NoTele   +   (no barding)
Stlth   ..........              (no amulet)
HPRegen 0.15/turn               (no ring)
MPRegen 0.09/turn               (no ring)

@: engulfed (cannot breathe), very slow
A: AC +1, large, see invisible, deformed body, poison resistance, slowness 2,
spit poison 1, naga tail 1
a: Spit Poison


You were in the Dungeon.
You visited 1 branch

Inventory:

Hand Weapons
 a - a +0 long sword (weapon)
Armour
 b - a +0 scale mail (worn)
 c - a +0 buckler (worn)
Scrolls
 j - a scroll of blinking
Potions
 g - a potion of haste
 h - 2 potions of magic


   Skills:
 + Level 5.6 Fighting
 + Level 4.0 Long Blades
 + Level 5.0 Armour
 + Level 4.2 Shields


You had 3 spell levels left.
You didn't know any spells.
Your spell library was empty.

Dungeon Overview and Level Annotations

Branches:
Dungeon (1/1)

Altars:


Innate Abilities, Weirdness & Mutations

Your serpentine skin is tough. (AC +1)
You have supernaturally acute eyesight. (SInv)
Armour fits poorly on your strangely shaped body.
Your system is resistant to poisons. (rPois)
You cover ground very slowly.
You can spit poison.
You have a snake-like lower body.


Message History

You kill the scorpion!
Your Fighting skill increases to level 5!
Your Long Blades skill increases to level 4!
Your Armour skill increases to level 5!
Your Shields skill increases to level 4!
You have reached level 4!
You feel stronger.
You feel a strong urge to attack something.
Why would you want to do that? Why would you want to do that?
You feel your anger nearly subside.
You are no longer berserk.
You are exhausted.
You feel yourself slow down.
You start resting.
You feel yourself speed up.
You start resting.
You recover from your berserk rage.
You enter the shallow water.
Moving in this stuff is going to be slow.
You start resting.
HP restored.
You start waiting.
Done waiting.
You open the door.
A water elemental comes into view.
The water elemental hits you!
The water elemental engulfs you in water!
You slip free of the water engulfing you.
Your lungs strain for air!
You block the water elemental's attack.
You slash the water elemental!
The water elemental is moderately damaged.
Your lungs strain for air!
The water elemental closely misses you.
You hit the water elemental.
The water elemental is heavily damaged.
* * * LOW HITPOINT WARNING * * *
Your lungs strain for air!
The water elemental barely misses you. The water elemental hits you!
You die...

▓▓▓ ▓▓▓▓▓▓ ▓▓▓ <.#
+....♣ ♣.# ..# #....♣
♣.# #'####....♣♣♣ ♣.#
.....#....≈.♣♣♣♣.###+#+#
.....#...≈≈......#......
....(#..≈≈≈≈♣..♣@E.⌠....
####'#..≈≈≈≈≈≈♣..#...###
)..)†#.≈≈≈≈≈≈....# ⌠.#
.....#.≈≈≈≈≈.....# .#
.....#.≈≈≈.......# #
'#####...........#
.................#
▓▓▓▓▓▓▓▓▓▓▓▓▓▓▓▓▓▓


You could see a water elemental.

Vanquished Creatures
  A scorpion (D)
  Jessica (D)
  A human (D)
  2 endoplasms (D)
  A rat (D)
6 creatures vanquished.

Notes
Turn   | Place    | Note
-------+----------+-------------------------------------------
     0 | D        | cyrus the Naga Fighter began the quest for the Orb.
     0 | D        | Reached XP level 1. HP: 21/21 MP: 1/1
   272 | D        | Noticed Jessica
   288 | D        | Killed Jessica
   289 | D        | Reached XP level 2. HP: 26/31 MP: 2/2
   289 | D        | Reached XP level 3. HP: 31/37 MP: 3/3
   725 | D        | Noticed a scorpion
   731 | D        | Killed a scorpion
   732 | D        | Reached skill level 5 in Fighting
   732 | D        | Reached skill level 5 in Armour
   732 | D        | Reached XP level 4. HP: 39/46 MP: 4/4
   955 | D        | Noticed a water elemental
   959 | D        | Slain by a water elemental

Illustrated notes

Levels and vault maps discovered:
D:        dungeon_sprint_mu [sprint_mu_entry_forest, sprint_mu_temple_rooms,
          sprint_mu_d1_spiders, sprint_mu_d2_genie, sprint_mu_d3_branching,
          sprint_mu_orc_legion, sprint_mu_elf_gauntlet, sprint_mu_hive_nellie,
          sprint_mu_lair_fedhas, sprint_mu_vaults_butterflies,
          sprint_mu_slime_circle, sprint_mu_shoals_kraken,
          sprint_mu_snake_twists, sprint_mu_blade_basic, sprint_mu_crypt_lich,
          sprint_mu_tomb_spiral, sprint_mu_vestibule_basic,
          sprint_mu_gehenna_hellfire, sprint_mu_dis_giant,
          sprint_mu_tartarus_statrot, sprint_mu_cocytus_islands, sprint_mu_zot1]

Skill      XL: |  1  2  3 |
---------------+----------+-----
Fighting       | 4 5 |  5.6
Armour         | 3 5 |  5.0
Shields        | 3 4 |  4.2
Long Blades    | 4 |  4.0

Action                   |  1- 3 |  4- 6 || total
-------------------------+-------+-------++-------
Melee: Long sword        |    28 |     2 ||    30
  Use: Potion            |     4 |       ||     4
Armor: Scale mail        |     8 |       ||     8
Dodge: Dodged            |     8 |     2 ||    10
Block: Buckler           |     5 |     1 ||     6

Table legend: (Time is in decaauts)
 A = Elapsed time spent in this place.
 B = Non-inter-level travel time spent in this place.
 C = Inter-level travel time spent in this place.
 D = Time resting spent in this place.
 E = Time spent auto-exploring this place.
 F = Levels seen in this place.
 G = Mean time per level.
                   A        B        C        D        E       F      G
               +--------+--------+--------+--------+--------+-----+--------+
         Total |   1014 |   1014 |      0 |    859 |      2 |   1 | 1014.0 |
       Dungeon |   1014 |   1014 |      0 |    859 |      2 |   1 | 1014.0 |
               +--------+--------+--------+--------+--------+-----+--------+

Top non-repeatable levels by time:
       D: 1014 daAuts
